 Dungeon Sprint DCSS version 0.22.1-1-ga44c0e56f4 (webtiles) character file.

352 BillyBuyo the Magician (level 6, -3/58 HPs)
             Began as a Draconian Monk on Oct 21, 2018.
             Was a Believer of Vehumet.
             Slain by a wyvern (15 damage)
             ... in the Dungeon (Sprint IX: "|||||||||||||||||||||||||||||").
             The game lasted 00:04:21 (562 turns).

BillyBuyo the Magician (Draconian Monk)              Turns: 562, Time: 00:04:22

Health: -3/58      AC:  6    Str: 16    XL:     6   Next: 34%
Magic:  8/16       EV: 15    Int: 16    God:    Vehumet [**....]
Gold:   0          SH:  0    Dex: 13    Spells: 17/19 levels left

rFire    . . .     SeeInvis .   n - +2 halberd (protect)
rCold    . . .     Gourm    .   (shield currently unavailable)
rNeg     . . .     Faith    .   (armour unavailable)
rPois    .         Spirit   .   (helmet restricted)
rElec    .         Reflect  .   (no cloak)
rCorr    .         Harm     .   (no gloves)
MR       .....     NoTele   +   (no boots)
Stlth    +++.......             (no amulet)
HPRegen  0.19/turn              q - +3 ring of strength
MPRegen  0.15/turn              r - +3 ring of intelligence

@: very slightly contaminated
A: unfitting armour, cold-blooded, AC +6
a: Renounce Religion


You were in the Dungeon.
You worshipped Vehumet.
Vehumet was pleased with you.
You were not hungry.

You visited 1 branch

Inventory:

Hand Weapons
 a - a +0 spear
 n - a +2 halberd of protection (weapon)
 o - a +4 quarterstaff of speed
 p - a +2 scimitar of holy wrath
Magical Staves
 m - an uncursed staff of energy
Jewellery
 q - a +3 ring of strength (left hand)
 r - a +3 ring of intelligence (right hand)
Wands
 l - a wand of iceblast (10)
Scrolls
 h - a scroll of blinking
 j - 3 scrolls of remove curse
 k - 2 scrolls of amnesia
Potions
 c - 5 potions of curing
 d - 2 potions of heal wounds
 e - a potion of haste
 f - 4 potions of magic
 i - a potion of invisibility
Comestibles
 b - a ration


   Skills:
 + Level 6.9 Fighting
 + Level 6.2 Polearms
 + Level 5.6 Dodging
 + Level 5.7 Stealth
 * Level 7.2 Spellcasting
 * Level 0.0 Conjurations


You had 17 spell levels left.
You knew the following spells:

 Your Spells              Type           Power        Failure   Level  Hunger
a - Freeze                Ice            #...         12%         1    None
b - Sting                 Conj/Pois      #...         12%         1    None
Your spell library was empty.

Dungeon Overview and Level Annotations

Branches:
Dungeon (1/1)

Altars:
Cheibriados
Dithmenos
Elyvilon
Fedhas
Gozag
Hepliaklqana
Kikubaaqudgha
Makhleb
Nemelex Xobeh
Okawaru
Qazlal
Ru
Sif Muna
Trog
Uskayaw
Vehumet
Wu Jian
Xom
Yredelemnul
Zin
The Shining One
Beogh
Jiyva
Lugonu


Innate Abilities, Weirdness & Mutations

Your plain brown scales are hard. (AC +6)
You cannot fit into any form of body armour.
You are cold-blooded and may be slowed by cold attacks.


Message History

* * * LOW HITPOINT WARNING * * *
The wyvern barely misses you.
Casting: Freeze (safe; 12% risk of failure)
Confirm with . or Enter, or press ? or * to list all spells.
Aiming: Freeze (safe; 12% risk of failure)
Press: ? - help, Shift-Dir - straight line, f/p - wyvern
Aim: a wyvern (heavily wounded)
You freeze the wyvern.
The wyvern is heavily wounded.
The wyvern bites you.
* * * LOW HITPOINT WARNING * * *
Casting: Freeze (safe; 12% risk of failure)
Confirm with . or Enter, or press ? or * to list all spells.
Aiming: Freeze (safe; 12% risk of failure)
Press: ? - help, Shift-Dir - straight line, f/p - wyvern
Aim: a wyvern (heavily wounded)
You freeze the wyvern.
The wyvern is severely wounded.
The wyvern bites you!
You die...

▓_▓
▓_▓
▓_▓
▓_▓
▓'▓
▓.▓
▓.▓
▓.▓
▓@▓
▓l▓
▓T▓
▓W▓
▓.▓
▓.▓
▓÷▓
▓.▓
▓.▓


You could see a troll, a phantom and a wyvern.

Vanquished Creatures
  A hippogriff (D)
  An ogre (D)
  A killer bee (D)
  A hound (D)
  2 adders (D)
  A bat (D)
  A goblin (D)
  2 hobgoblins (D)
  A jackal (D)
  2 frilled lizards (D)
13 creatures vanquished.

Notes
Turn   | Place    | Note
-------+----------+-------------------------------------------
     0 | D        | BillyBuyo the Draconian Monk began the quest for the Orb.
     0 | D        | Reached XP level 1. HP: 19/19 MP: 1/1
    12 | D        | Reached skill level 1 in Spellcasting
    34 | D        | Noticed a hound
    34 | D        | Noticed an ogre
    41 | D        | Killed a hound
    41 | D        | Reached skill level 3 in Spellcasting
    41 | D        | Reached XP level 2. HP: 21/27 MP: 4/6
    41 | D        | Reached XP level 3. HP: 26/33 MP: 4/7
    70 | D        | Killed an ogre
    70 | D        | Reached skill level 5 in Fighting
    70 | D        | Reached skill level 5 in Spellcasting
    70 | D        | Reached XP level 4. HP: 20/42 MP: 7/11
    77 | D        | Found a roughly hewn altar of Beogh.
    77 | D        | Found a snail-covered altar of Cheibriados.
    77 | D        | Found a shadowy altar of Dithmenos.
    77 | D        | Found a white marble altar of Elyvilon.
    77 | D        | Found a blossoming altar of Fedhas.
    77 | D        | Found an opulent altar of Gozag.
    78 | D        | Found a hazy altar of Hepliaklqana.
    79 | D        | Found a viscous altar of Jiyva.
    80 | D        | Found an ancient bone altar of Kikubaaqudgha.
    81 | D        | Found a corrupted altar of Lugonu.
    82 | D        | Found a burning altar of Makhleb.
    83 | D        | Found a sparkling altar of Nemelex Xobeh.
    84 | D        | Found an iron altar of Okawaru.
    85 | D        | Found a stormy altar of Qazlal.
    86 | D        | Found a sacrificial altar of Ru.
    87 | D        | Found a deep blue altar of Sif Muna.
    88 | D        | Found a bloodstained altar of Trog.
    89 | D        | Found a hide-covered altar of Uskayaw.
    90 | D        | Found a radiant altar of Vehumet.
    91 | D        | Found an ornate altar of the Wu Jian Council.
    92 | D        | Found a shimmering altar of Xom.
    93 | D        | Found a basalt altar of Yredelemnul.
    94 | D        | Found a glowing silver altar of Zin.
    95 | D        | Found a glowing golden altar of the Shining One.
    98 | D        | Became a worshipper of Vehumet
    98 | D        | Reached * piety under Vehumet
    98 | D        | Offered knowledge of Freeze by Vehumet.
    98 | D        | Reached ** piety under Vehumet
   102 | D        | Learned a level 1 spell: Freeze
   237 | D        | Noticed a hippogriff
   237 | D        | Noticed a phantom
   237 | D        | Noticed a wyvern
   237 | D        | Noticed a troll
   247 | D        | HP: 2/42 [hippogriff (9)]
   251 | D        | Killed a hippogriff
   251 | D        | Offered knowledge of Sting by Vehumet.
   251 | D        | Reached skill level 5 in Polearms
   251 | D        | Reached skill level 5 in Dodging
   251 | D        | Reached skill level 5 in Stealth
   251 | D        | Reached skill level 6 in Spellcasting
   251 | D        | Reached XP level 5. HP: 23/51 MP: 8/14
   251 | D        | Reached XP level 6. HP: 26/58 MP: 8/15
   256 | D        | Reached skill level 7 in Spellcasting
   265 | D        | HP: 2/58 [wyvern (12)]
   319 | D        | Learned a level 1 spell: Sting
   562 | D        | Slain by a wyvern

Skill      XL: |  1  2  3  4  5  6 |
---------------+-------------------+-----
Stealth        | 3 4 5 |  5.7
Spellcasting   | 3 5 6 7 |  7.2
Dodging        | 3 4 5 |  5.6
Fighting       | 4 5 6 |  6.9
Polearms       | 4 5 6 |  6.2

Action                   |  1- 3 |  4- 6 || total
-------------------------+-------+-------++-------
Melee: Spear             |    54 |       ||    54
       Tailslap          |     8 |     3 ||    11
       Halberd           |       |    21 ||    21
 Cast: Freeze            |       |    13 ||    13
  Use: Potion            |       |     2 ||     2
       Scroll            |       |     1 ||     1
 Stab: Sleeping          |     1 |       ||     1
Armor: Skin              |     8 |    12 ||    20
Dodge: Dodged            |    34 |    46 ||    80
